[Event "The Allsvenskan 2024/25 Div I 3: SS Manhem - Linkopings ASS"]
[Site "Goteborgs Schackcentrum, Vegatan 20, Gothenburg, Sweden"]
[Date "2025.03.15"]
[Round "1.1"]
[White "Klashed, Martin"]
[Black "Strom-Engdahl, Alexander"]
[Result "*"]
[TimeControl "90 minutes for 40 moves + 30 minutes for the rest of the game + 30 seconds per move from move one."]
[WhiteClock "00:03:32"]
[BlackClock "00:06:27"]
[ReferenceTime "W/2025-03-15T16:51:50.291+01:00"]
[BlackTitle "FM"]
[WhiteFideId "1702033"]
[BlackFideId "1741586"]
[WhiteElo "2190"]
[BlackElo "2328"]

1. e4 c5 2. Nf3 Nc6 3. d4 cxd4 4. Nxd4 Nf6 5. Nc3 e5 6. Ndb5 d6 7. Bg5 a6 8. Na3 b5 9. Nd5 Be7 10.
Bxf6 Bxf6 11. c3 Rb8 12. Nc2 Bg5 13. a4 bxa4 14. Ncb4 Nxb4 15. cxb4 Bd7 16. Bxa6 O-O 17. O-O Kh8 18.
b5 Bxb5 19. Bxb5 Rxb5 20. Qxa4 Rxb2 21. Qc6 Qb8 22. g3 Rd8 23. h4 Bd2 24. Ra4 Qc8 25. Qxc8 Rxc8 26. Ra7 Rf8 27. Rd7 Bb4 28.
Nxb4 Rxb4 29. Rxd6 Rxe4 30. Rd7 g6 31. Rc1 Kg7 32. Rcc7 Re1+ 33. Kg2 e4 34. Re7 Kf6 35. g4 h6 36.
Kg3 Rg1+ 37. Kh3 Re1 38. Kg3 Re2 39. Rb7 g5 40. h5 Re1 41. Kg2 Rb1 42. Rxf7+ Rxf7 43. Rxb1 Ke5 44. Rb4 Rf6 45.
Ra4 Rd6 46. Kg3 Rd3+ 47. Kg2 Kf4 48. Ra6 Kxg4 49. Rxh6 e3 50. fxe3 Rxe3 51. Rh8 Re2+ 52. Kf1 Rh2 53. Kg1 Kg3 54.
Ra8 Rxh5 55. Ra3+ Kh4 56. Ra4+ g4 57. Ra3 Rb5 58. Rc3 Rb2 59. Ra3 Rb1+ 60. Kg2 Rb2+ *

[Event "The Allsvenskan 2024/25 Div I 3: SS Manhem - Linkopings ASS"]
[Site "Goteborgs Schackcentrum, Vegatan 20, Gothenburg, Sweden"]
[Date "2025.03.15"]
[Round "1.2"]
[White "Winsnes, Rikard"]
[Black "Andersson, Mats"]
[Result "1-0"]
[TimeControl "90 minutes for 40 moves + 30 minutes for the rest of the game + 30 seconds per move from move one."]
[WhiteTitle "IM"]
[BlackTitle "FM"]
[WhiteFideId "1700430"]
[BlackFideId "1700561"]
[WhiteElo "2357"]
[BlackElo "2263"]

1. e4 e6 2. d4 d5 3. Nd2 c5 4. exd5 exd5 5. Ngf3 Nc6 6. Bb5 Qe7+ 7. Be2 Qc7 8. O-O Nf6 9. Re1 cxd4 10.
Nb3 Be7 11. Nbxd4 O-O 12. h3 Bd7 13. Be3 Rfe8 14. c3 a6 15. Qd3 Ne4 16. Rad1 Rad8 17. Bf1 Bc8 18. Nxc6 bxc6 19. Bd4 a5 20.
Qe3 c5 21. Be5 Qb7 22. c4 Bf6 23. Bxf6 Nxf6 24. Qxc5 Qxb2 25. Qxa5 Bd7 26. cxd5 Rc8 27. Rxe8+ Bxe8 28. d6 h6 29.
Qd2 Rc2 30. Qe3 Ba4 31. Qa7 Bc6 32. Nd4 Rc1 33. Rxc1 Qxc1 34. Qb8+ Kh7 35. Qc8 Qc5 36. Bd3+ g6 37. Nxc6 Qxd6 38.
Qb7 Kg7 39. Qb5 1-0

[Event "The Allsvenskan 2024/25 Div I 3: SS Manhem - Linkopings ASS"]
[Site "Goteborgs Schackcentrum, Vegatan 20, Gothenburg, Sweden"]
[Date "2025.03.15"]
[Round "1.3"]
[White "Fransson, Jorgen"]
[Black "Welin, Mats"]
[Result "1/2-1/2"]
[TimeControl "90 minutes for 40 moves + 30 minutes for the rest of the game + 30 seconds per move from move one."]
[BlackTitle "FM"]
[WhiteFideId "1701827"]
[BlackFideId "1705180"]
[WhiteElo "2153"]
[BlackElo "2296"]

1. d4 Nf6 2. Nf3 d5 3. c4 e6 4. Nc3 Be7 5. cxd5 exd5 6. Qc2 c6 7. Bg5 g6 8. e3 Bf5 9. Bd3 Bxd3 10.
Qxd3 Nbd7 11. O-O O-O 12. Rab1 a5 13. a3 Re8 14. Rfe1 Ne4 15. Bxe7 Qxe7 16. Nd2 f5 17. f3 Nxd2 18.
Qxd2 Qg5 19. Re2 Re6 20. Rbe1 Nb6 21. a4 Nc4 22. Qc1 Rae8 23. Nd1 Nd6 24. Qc3 Qd8 25. Nf2 Qb6 26. Nd3 R6e7 27.
b3 Qc7 28. Nf2 Qd8 29. Qd3 Re6 30. Qd2 Qb6 31. Qc3 R6e7 32. Nd3 Nf7 33. Kh1 Qc7 34. Kg1 Ng5 35. Ne5 Nf7 36. Nd3 Ng5 37.
Ne5 Nf7 38. f4 Nd6 39. b4 Ra8 40. Rb1 axb4 41. Rxb4 Ra6 42. g4 fxg4 43. Nxg4 Kg7 44. Qe1 Re6 45. Reb2 Ra7 46. Ne5 Qe7 47.
Qc3 Ra8 48. Rg2 Rc8 49. Rb1 Rc7 50. Kh1 Qf6 51. Qd3 Ne4 52. a5 Qf5 53. Kg1 1/2-1/2

[Event "The Allsvenskan 2024/25 Div I 3: SS Manhem - Linkopings ASS"]
[Site "Goteborgs Schackcentrum, Vegatan 20, Gothenburg, Sweden"]
[Date "2025.03.15"]
[Round "1.4"]
[White "Loay, Sameer"]
[Black "Pepic, Rizo"]
[Result "1-0"]
[TimeControl "90 minutes for 40 moves + 30 minutes for the rest of the game + 30 seconds per move from move one."]
[WhiteTitle "IM"]
[WhiteFideId "8104239"]
[BlackFideId "906760"]
[WhiteElo "2216"]
[BlackElo "2159"]

1. e4 e5 2. Bc4 Nf6 3. d4 exd4 4. Nf3 Nc6 5. O-O d6 6. Nxd4 Be7 7. Nxc6 bxc6 8. Nc3 O-O 9. h3 Nd7 10.
Be3 Bf6 11. Qd2 Re8 12. Rfe1 Nb6 13. Bf1 Bd7 14. a4 Be6 15. b3 Nd7 16. Rad1 Nf8 17. Ne2 Qb8 18. Nf4 Bg5 19. Qc3 Bxf4 20. Bxf4 Qb7 21. Bc1 f6 22. Bb2 Bf7 23. Rd3 c5 24.
Rg3 Ng6 25. h4 Rxe4 26. Qf3 Rb4 27. Qxb7 Rxb7 28. h5 Ne5 29. f4 Bxh5 30. fxe5 fxe5 31. Bxe5 dxe5 32. Ree3 e4 33. Rxe4 Bf7 34. Re5 g6 35. Rxc5 Rd8 36. Rgc3 Rd7 37. a5 c6 38.
Rxc6 Re7 39. a6 Rbd7 40. Rc8+ Kg7 41. Rd3 Rc7 42. Rdd8 Be6 43. Rxc7 Rxc7 44. Bd3 Kf6 45. b4 Ke5 46.
b5 Bd5 47. c4 Be6 48. c5 Rxc5 49. b6 axb6 50. a7 Bd5 51. Rxd5+ Rxd5 52. a8=Q Rxd3 53. Qh8+ Kf5 54. Qxh7 Rd6 55.
Qf7+ Ke5 56. Qb7 Kd4 57. Kf2 Kc5 58. Qc7+ Rc6 59. Qe5+ Kb4 60. Qe4+ Kb5 61. Qd5+ Rc5 62. Qd3+ Ka4 63.
Qxg6 b5 64. Qa6+ Kb3 65. Qe6+ Kc3 66. Ke2 Rc4 67. Qd5 1-0

[Event "The Allsvenskan 2024/25 Div I 3: SS Manhem - Linkopings ASS"]
[Site "Goteborgs Schackcentrum, Vegatan 20, Gothenburg, Sweden"]
[Date "2025.03.15"]
[Round "1.5"]
[White "Rosenbecker, Daniel"]
[Black "Akesson, Joel"]
[Result "1/2-1/2"]
[TimeControl "90 minutes for 40 moves + 30 minutes for the rest of the game + 30 seconds per move from move one."]
[WhiteTitle "CM"]
[BlackTitle "FM"]
[WhiteFideId "1718959"]
[BlackFideId "1705040"]
[WhiteElo "2110"]
[BlackElo "2224"]

1. e4 e6 2. d4 d5 3. Nd2 Be7 4. e5 c5 5. c3 cxd4 6. cxd4 Qb6 7. Ndf3 Bb4+ 8. Bd2 Nc6 9. a3 Bxd2+ 10. Qxd2 Bd7 11. Bd3 Nxd4 12. Nxd4 Qxd4 13. Nf3 Qb6 14. Qg5 Kf8 15. Qf4 h6 16. O-O Ne7 17. b4 Bb5 18. Bxb5 Qxb5 19.
Rfc1 Qd7 20. Nd4 Kg8 21. a4 Ng6 22. Qe3 Kh7 23. Nb5 Rhc8 24. Rxc8 Rxc8 25. Nd6 Rc7 26. g3 b6 27. h4 Kg8 28.
h5 Ne7 29. a5 b5 30. a6 Nc8 31. Rc1 Rxc1+ 32. Qxc1 Nxd6 33. exd6 Qxd6 34. Qc8+ Kh7 35. Qc2+ f5 36. Qc5 Qxa6 37.
Qe7 Qa1+ 38. Kg2 Qe1 39. Qe8 Qe4+ 40. f3 Qe2+ 41. Kh3 Qf1+ 42. Kh2 Qxf3 43. Qg6+ Kh8 44. Qe8+ 1/2-1/2

[Event "The Allsvenskan 2024/25 Div I 3: SS Manhem - Linkopings ASS"]
[Site "Goteborgs Schackcentrum, Vegatan 20, Gothenburg, Sweden"]
[Date "2025.03.15"]
[Round "1.6"]
[White "Fendrich, David"]
[Black "Rogoz, Vladyslav"]
[Result "0-1"]
[TimeControl "90 minutes for 40 moves + 30 minutes for the rest of the game + 30 seconds per move from move one."]
[WhiteFideId "1705725"]
[BlackFideId "14176521"]
[WhiteElo "2192"]
[BlackElo "2099"]

1. g3 d5 2. c4 c6 3. Bg2 Nf6 4. Nf3 g6 5. b3 Bg7 6. Bb2 dxc4 7. bxc4 Qb6 8. Qb3 Nbd7 9. d4 Ne4 10.
O-O O-O 11. Rd1 Ndc5 12. Qa3 Na4 13. Bc1 Qa6 14. Nbd2 Nec3 15. Re1 c5 16. Nb3 Qxc4 17. Be3 Bd7 18. Rac1 Nxe2+ 19. Rxe2 Qxe2 20.
dxc5 Bb2 21. Qb4 Bxc1 22. Nxc1 Qd1+ 23. Ne1 a5 0-1

[Event "The Allsvenskan 2024/25 Div I 3: SS Manhem - Linkopings ASS"]
[Site "Goteborgs Schackcentrum, Vegatan 20, Gothenburg, Sweden"]
[Date "2025.03.15"]
[Round "1.7"]
[White "Malm, Simon"]
[Black "Karlsson, Stefan"]
[Result "0-1"]
[TimeControl "90 minutes for 40 moves + 30 minutes for the rest of the game + 30 seconds per move from move one."]
[WhiteFideId "1759825"]
[BlackFideId "1771183"]
[WhiteElo "1976"]
[BlackElo "2030"]

1. d4 d5 2. c4 c6 3. Nc3 Nf6 4. e3 Bf5 5. cxd5 cxd5 6. Qb3 Nc6 7. Qxb7 Bd7 8. Qb3 Rb8 9. Qd1 e5 10.
dxe5 Nxe5 11. Be2 Bd6 12. Nf3 Nxf3+ 13. Bxf3 Qc7 14. h3 O-O 15. O-O Bh2+ 16. Kh1 Be5 17. Qd2 Rfd8 18. Ne2 Bb5 19.
Rd1 Ba4 20. Re1 Ne4 21. Bxe4 dxe4 22. Nd4 Qb6 23. b3 Bd7 24. Qe2 Qh6 25. f4 exf3 26. Qxf3 Rb6 27. e4 Qh4 28. Be3 Rf6 29.
Nf5 Bxf5 30. exf5 Bxa1 31. Rxa1 a6 32. Rf1 g6 33. g4 h5 34. Rg1 hxg4 35. Rxg4 Qh5 36. Bg5 Rxf5 37. Qg3 Re8 38.
Bd2 Rf1+ 39. Kg2 Qf5 40. Bf4 Ree1 41. Qc3 Qd5+ 0-1

[Event "The Allsvenskan 2024/25 Div I 3: SS Manhem - Linkopings ASS"]
[Site "Goteborgs Schackcentrum, Vegatan 20, Gothenburg, Sweden"]
[Date "2025.03.15"]
[Round "1.8"]
[White "Lindholm, Gustav"]
[Black "Carlsson, Ingvar"]
[Result "1-0"]
[TimeControl "90 minutes for 40 moves + 30 minutes for the rest of the game + 30 seconds per move from move one."]
[WhiteFideId "1736515"]
[BlackFideId "1702670"]
[WhiteElo "2112"]
[BlackElo "1995"]

1. d4 f5 2. Bg5 h6 3. Bh4 g5 4. e3 Nf6 5. Bg3 Bg7 6. c4 d6 7. Nc3 O-O 8. Bd3 e6 9. Nge2 Nh5 10.
h3 f4 11. Bh2 e5 12. Be4 fxe3 13. fxe3 exd4 14. Nxd4 Nf6 15. O-O g4 16. Bf5 gxh3 17. gxh3 Nc6 18. Kh1 Nxd4 19. exd4 Bxf5 20.
Rxf5 Qd7 21. Qd3 Nh7 22. Raf1 Rxf5 23. Rxf5 Bxd4 24. Bf4 Bg7 25. Qd5+ Kh8 26. Qxb7 Re8 27. Qd5 Nf6 28. Qd3 Ne4 29.
Qd5 Nxc3 30. bxc3 Qe7 31. Kh2 Qe1 32. h4 Qxh4+ 33. Kg2 Re2+ 34. Kf3 Qh5+ 35. Rxh5 1-0